AoeStats
← xyz

Arabia

509192274Analyzed
4v4 RM · 5d ago on Sep 25, 2026· 45m 24s· 8 players
Game mode
Random Map
Map size
Large (8 player)
Population
200
Speed
Normal
Resources
Standard
Victory
Conquest
Starting age
Dark Age
Ending age
Imperial Age
RankedLock teamsTeams togetherTeam positionsShared explorationLock speedFull tech treeHidden civsTurbo modeCheats
Victory
Defeat
🇦🇷 Saracens · Argentina
1400
+5
🇦🇷 Gurjaras · Argentina
1090
+15
🇦🇷 Wei · Argentina
1057
+16
🇦🇷 Chinese · Argentina
959
+19
🇩🇪 Mongols · Germany
1106
-15
🇹🇷 Khitans · Türkiye
1093
-14
🇩🇪 Armenians · Germany
1075
-14
🇹🇷 Varangians · Türkiye
1030
-12
TopicKilleR
5:53 Loom
10:29 Feudal Age
11:22 Man-at-Arms
12:52 Long Swordsman
13:59 Arson
18:00 Horse Collar
18:13 Double-Bit Axe
25:13 Castle Age
30:09 Bow Saw
30:12 Padded Archer Armor
xyz
2:37 Loom
12:19 Feudal Age
12:50 Double-Bit Axe
13:00 Horse Collar
18:27 Bloodlines
25:47 Castle Age
25:09 Fletching
26:16 Forging
26:48 Scale Barding Armor
30:09 Bodkin Arrow
Leonidas
5:32 Loom
10:55 Feudal Age
11:35 Double-Bit Axe
31:29 Castle Age
Randomly10
1:45 Loom
10:49 Feudal Age
13:07 Bloodlines
17:15 Scale Barding Armor
19:03 Wheelbarrow
23:28 Castle Age
21:36 Double-Bit Axe
21:35 Horse Collar
23:51 Forging
24:12 Husbandry
26:23 Town Watch
26:55 Hand Cart
27:37 Stone Mining
27:42 Gold Mining
41:31 Padded Archer Armor
41:22 Fletching
golden229269
0:40 Loom
12:39 Feudal Age
12:46 Man-at-Arms
24:38 Horse Collar
24:45 Double-Bit Axe
27:25 Gold Mining
30:48 Stone Mining
34:38 Castle Age
35:39 Elite Skirmisher
36:25 Thumb Ring
39:25 Fletching
44:54 Wheelbarrow
Tomiiveede
7:34 Loom
9:28 Feudal Age
11:15 Double-Bit Axe
17:43 Horse Collar
20:33 Castle Age
19:53 Scale Barding Armor
19:59 Forging
20:05 Bloodlines
21:33 Husbandry
21:35 Gold Mining
22:29 Bow Saw
22:21 Heavy Plow
24:06 Gold Shaft Mining
25:35 Scale Mail Armor
25:55 Chain Barding Armor
26:13 Iron Casting
29:34 Stone Mining
29:40 Town Watch
31:36 Wheelbarrow
31:44 Wheelbarrow
31:10 Town Patrol
35:02 Hand Cart
37:42 Imperial Age
38:29 Imperial Age
39:43 Elite Shrivamsha Rider
41:30 Crop Rotation
EsteNoEsPaisa
8:41 Loom
10:44 Feudal Age
11:28 Double-Bit Axe
11:23 Horse Collar
18:24 Castle Age
18:19 Scale Mail Armor
18:29 Forging
19:07 Husbandry
19:18 Bloodlines
25:08 Chain Mail Armor
27:52 Iron Casting
30:22 Gold Mining
30:22 Stone Mining
35:03 Wheelbarrow
36:05 Gold Shaft Mining
36:05 Stone Shaft Mining
38:05 Imperial Age
36:29 Hand Cart
37:16 Scale Barding Armor
38:24 Heavy Hei Guang Cavalry
40:12 Chain Barding Armor
40:54 Blast Furnace
Diablero
7:37 Loom
9:43 Feudal Age
12:52 Fletching
17:32 Double-Bit Axe
21:54 Castle Age
19:41 Horse Collar
20:02 Padded Archer Armor
22:06 Crossbowman
22:42 Bodkin Arrow
23:52 Bow Saw
25:04 Leather Archer Armor
32:36 Imperial Age
34:01 Stone Mining
34:58 Bracer
36:35 Ring Archer Armor
37:26 Arbalester
41:28 Chemistry
40:52 Ballistics
41:43 Thumb Ring
44:59 Scale Barding Armor
45:06 Masonry
44:58 Heavy Plow
44:50 Gold Mining
Connection lost

Rejoining the realm…

Still unreachable

The connection could not be restored.

Session expired

The server has moved on; the page needs a fresh start.